 Dungeon Crawl Stone Soup version 0.31-a0-102-g33a4ccc0cb (webtiles) character file.

Game seed: 9009537717871074556

3 kae the Insei (level 1, 0/15 HPs)
             Began as a Merfolk Transmuter on May 8, 2023.
             Slain by a kobold
             ... wielding a +0 short sword
              (3 damage)
             ... on level 1 of the Dungeon on May 26, 2023.
             The game lasted 00:00:14 (97 turns).

kae the Insei (Merfolk Transmuter)                    Turns: 97, Time: 00:00:14

Health: 0/15       AC:  2    Str: 10    XL:     1   Next: 50%
Magic:  2/3        EV: 12    Int: 12    God:
Gold:   0          SH:  0    Dex: 14    Spells: 3/4 levels left

rFire   . .          .
                       - Unarmed
rCold   . . .        (no shield)
rNeg    . . .        a - +0 robe
rPois   .            (helmet currently unavailable)
rElec   .            (no cloak)
rCorr   .            (no gloves)
SInv    .            (boots currently unavailable)
Will    .....        (no amulet)
Stlth   +            (no ring)
HPRegen 0.22/turn    (no ring)
MPRegen 0.08/turn

%: no passive effects
@: appendages (expiring)
A: horns 2, (nimble swimmer 2), mertail
a: End Transformation


You were on level 1 of the Dungeon.
You had temporarily grown beastly horns.
You visited 1 branch of the dungeon, and saw 1 of its levels.


Innate Abilities, Weirdness & Mutations

You have temporarily grown beastly horns.
((You are very nimble when in or above water. (Stealth+, EV+, Speed+++)))
Your lower body shifts to a powerful aquatic tail in water.


   Skills:
 - Level 1.1 Fighting
 - Level 2.6 Dodging
 + Level 3.3 Unarmed Combat
 + Level 2.1 Spellcasting
 + Level 2.8 Transmutations


You had 3 spell levels left.
You knew the following spells:

 Your Spells              Type           Power      Damage    Failure   Level
a - Beastly Appendage     Tmut           16%        N/A       9%          1

Your spell library contained the following spells:

 Spells                   Type           Power      Damage    Failure   Level
 Wereblood                Tmut           8%         N/A       13%         2
 Spider Form              Tmut/Pois      4%         N/A       45%         3
 Ice Form                 Ice/Tmut       4%         N/A       86%         4

Inventory:

Armour
 a - a +0 robe (worn)
Potions
 b - a potion of lignification {!q}

Dungeon Overview and Level Annotations

Branches:
Dungeon (1/15) Zot: 5902

Altars:

.......####.##.........
............##.........
........###.##......#
........# #.##......#
#####+#.# #.....†...#
#.# ####†######### # #.#
#.#.......# ####.#.#
#.#.#####.# #.....@#
#...#...#.. #....gK...#
###.###.#.#
#..8.....8.....#...#...#
........)...##.###.#####
.......>....##.....#
##..........####.###
#..........# ...
#..........##.# # #. ..


You could see a goblin and a kobold.


Message History

A bat comes into view.
A bat is nearby!
A bat is nearby!
Casting: Beastly Appendage (safe; 9% risk of failure)
Confirm with . or Enter, or press ? or * to list all spells.
You miscast Beastly Appendage.
You are very lightly contaminated with residual magic.
Nothing appears to happen.
The bat misses you. 😎 MP[-1]
You lost 1 mp, and now have 2/3 mp.
The bat hits you but does no damage. x2
You hit the bat. The bat closely misses you.
Found a faded altar of an unknown god.
The bat closely misses you.
You hit the bat.
You kill the bat!
No target in view!
No target in view!
No target in view!
No target in view!
Unknown command.
Unknown command.
A ball python comes into view.
You see here a bat corpse.
A ball python is nearby!
Casting: Beastly Appendage (safe; 9% risk of failure)
Confirm with . or Enter, or press ? or * to list all spells.
You grow a pair of large bovine horns.
The ball python hisses angrily.
Your magical contamination has completely faded away. 😎 MP[-1]
You lost 1 mp, and now have 1/3 mp.
Found a stone staircase leading down.
Your transformation is almost over.
The ball python barely misses you. x2
You hit the ball python.
You kill the ball python!
Your horns disappear.
An endoplasm comes into view. 😎 MP[+1] 😎 MP[+1]
Your mp is fully restored (3).
An endoplasm is nearby!
Found a stone staircase leading down.
An endoplasm is nearby!
Unknown command.
An endoplasm is nearby!
An endoplasm is nearby!
A goblin comes into view. It is wielding a +0 club.
The endoplasm quivers.
You hit the endoplasm. The endoplasm freezes you.
You are frozen. 😕 HP[-2]
You take 2 damage, and now have 13/15 hp.
You hit the endoplasm.
The goblin shouts!
A kobold comes into view. It is wielding a +0 short sword.
The endoplasm freezes you.
You are frozen.
The kobold shouts!
You hit the endoplasm.
You kill the endoplasm! 😮 HP[-2]
You take 2 damage, and now have 11/15 hp.
There are monsters nearby!
You barely miss the kobold.
The kobold hits you with a +0 short sword. 😮 HP[-1]
You take 1 damage, and now have 10/15 hp.
There are monsters nearby!
Unknown command.
Casting: Beastly Appendage (safe; 9% risk of failure)
Confirm with . or Enter, or press ? or * to list all spells.
You grow a pair of large bovine horns.
The kobold closely misses you.
Your transformation is almost over.
The kobold misses you.
The goblin closely misses you. 😮 HP[+1] MP[-1]
You lost 1 mp, and now have 2/3 mp.
You closely miss the kobold. The kobold closely misses you.
The goblin hits you with a +0 club. 😮 HP[-2]
You take 2 damage, and now have 9/15 hp.
You closely miss the goblin.
The kobold hits you with a +0 short sword.
* * * LOW HITPOINT WARNING * * *
The goblin hits you but does no damage. 😨 HP[-2]
You take 2 damage, and now have 7/15 hp.
You hit the kobold but do no damage. The kobold hits you but does no damage.
The goblin hits you with a +0 club.
* * * LOW HITPOINT WARNING * * *
😨 HP[-2]
You take 2 damage, and now have 5/15 hp.
You miss the goblin. You punch the goblin.
The kobold hits you with a +0 short sword.
* * * LOW HITPOINT WARNING * * *
The goblin completely misses you.
You closely miss the kobold.
The kobold hits you with a +0 short sword.
You die...

Action                     || total
---------------------------++-------
  Melee: Unarmed           ||    12
         Punch             ||     1
   Cast: Beastly Appendage ||     2
 Armour: Robe              ||     4
  Dodge: Dodged            ||    10

Levels and vault maps discovered:
D:1:      elethiomel_arrival_maze, layout_basic,
          hellmonk_ecumenical_altar_run_dry, st_stairs_1, glass_columns_a,
          minmay_fountain_box

Notes
Turn   | Place    | Note
-------+----------+-------------------------------------------
     0 | D:1      | kae the Merfolk Transmuter began the quest for the Orb.
     0 | D:1      | Reached XP level 1. HP: 15/15 MP: 3/3
     0 | D:1      | magus.rc [v1.11.3]
     0 | D:1      | Upgraded the game from 0.31-a0-16-g6d2539766c to
                  | 0.31-a0-102-g33a4ccc0cb
     0 | D:1      | magus.rc [v1.11.3]
    59 | D:1      | Found a faded altar of an unknown god.
    96 | D:1      | HP: 3/15 [kobold/+0 short sword (3)]
    97 | D:1      | Slain by a kobold

Vanquished Creatures
  A bat (D:1)
  An endoplasm (D:1)
  A ball python (D:1)
3 creatures vanquished.

Table legend:
 A = Non-vault XP
 B = Vault XP
 C = Vault XP percentage of total XP
 D = Non-vault monster count
 E = Vault monster count
 F = Vault count percentage of total count
                 A         B        C        D         E       F
            +---------+---------+-------+---------+---------+-------
      Total |       5 |       0 |   0.0 |       3 |       0 |   0.0
            +---------+---------+-------+---------+---------+-------
        D:1 |       5 |       0 |   0.0 |       3 |       0 |   0.0
            +---------+---------+-------+---------+---------+-------

Action                     || total
---------------------------++-------
  Melee: Unarmed           ||    12
         Punch             ||     1
   Cast: Beastly Appendage ||     2
 Armour: Robe              ||     4
  Dodge: Dodged            ||    10

Illustrated notes

Table legend:
 A = Kills in this place as a percentage of kills in the entire game.
 B = Kills by you in this place as a percentage of kills by you in the entire game.
 C = Kills by friends in this place as a percentage of kills by friends in the entire game.
 D = Other kills in this place as a percentage of other kills in the entire game.
 E = Experience gained in this place as a percentage of experience gained in the entire game.
 F = Experience gained in this place divided by the number of levels of this place that you have seen.
                   A       B       C       D       E      F
               +-------+-------+-------+-------+-------+----------------------
         Total | 100.0 | 100.0 |   N/A |   N/A | 100.0 |   5.0
       Dungeon | 100.0 | 100.0 |   N/A |   N/A | 100.0 |   5.0
               +-------+-------+-------+-------+-------+----------------------

Table legend: (Time is in decaauts)
 A = Elapsed time spent in this place.
 B = Non-inter-level travel time spent in this place.
 C = Inter-level travel time spent in this place.
 D = Time resting spent in this place.
 E = Time spent auto-exploring this place.
 F = Levels seen in this place.
 G = Mean time per level.
                   A        B        C        D        E       F      G
               +--------+--------+--------+--------+--------+-----+--------+
         Total |     96 |     96 |      0 |      0 |     69 |   1 |   96.0 |
       Dungeon |     96 |     96 |      0 |      0 |     69 |   1 |   96.0 |
               +--------+--------+--------+--------+--------+-----+--------+

Top non-repeatable levels by time:
     D:1: 96 daAuts
